 Dungeon Crawl Stone Soup version 0.26.0-18-gc5c842f807 (webtiles) character file.

Game seed: 17138829732212985565

59 Descartes the Sneak (level 3, -1/17 HPs)
             Began as a Felid Monk on Jan 22, 2021.
             Killed from afar by an orc wizard (6 damage)
             ... with a magic dart
             ... on level 2 of the Dungeon.
             The game lasted 00:02:32 (1889 turns).

Descartes the Sneak (Felid Monk)                    Turns: 1889, Time: 00:02:32

Health: -1/17      AC:  1    Str:  8    XL:     3   Next: 78%
Magic:  4/4        EV: 19    Int: 11    God:
Gold:   41         SH:  0    Dex: 18    Spells: 2/2 levels left
                                        Lives:  0   Deaths: 1

rFire    . . .     SeeInvis +     - Unarmed
rCold    . . .     Faith    .   (shield unavailable)
rNeg     . . .     Spirit   .   (armour unavailable)
rPois    .         Reflect  .   (helmet unavailable)
rElec    .         Harm     .   (cloak unavailable)
rCorr    .         Rampage  .   (gloves unavailable)
Will     .....                  (boots unavailable)
Stlth    ++++......             (no amulet)
HPRegen  0.05/turn              (no ring)
MPRegen  0.09/turn              (no ring)

@: quick
A: very small, no armour, no weapons or thrown items, stealth, claws 1, fangs 3,
see invisible, speed 1, shaggy fur 1, sharp paws
a: no special abilities


You were on level 2 of the Dungeon.
You visited 1 branch of the dungeon, and saw 2 of its levels.

You collected 41 gold pieces.

Inventory:

Missiles
 h - 20 arrows
Scrolls
 b - a scroll of amnesia {unknown}
 d - a scroll of identify
Potions
 a - a potion of attraction {unknown}
 e - 2 potions of mutation {unknown}
 i - a potion of curing
 j - 2 potions of cancellation {unknown}


   Skills:
 - Level 3.0 Fighting
 - Level 4.0 Dodging
 + Level 7.2 Stealth
 - Level 3.0 Unarmed Combat


You had 2 spell levels left.
You didn't know any spells.
Your spell library was empty.

Dungeon Overview and Level Annotations

Branches:
Dungeon (2/15)

Altars:


Innate Abilities, Weirdness & Mutations

You cannot wear armour.
You are incapable of wielding weapons or throwing items.
Your paws allow you to move quietly. (Stealth)
You have sharp claws.
You have razor-sharp teeth.
You have supernaturally acute eyesight. (SInv)
You cover ground quickly.
You are covered in fur. (AC +1)
Your sharp claws are effective at attacking unaware monsters.


Message History

You are too injured to fight recklessly!
You are too injured to fight recklessly!
You are too injured to fight recklessly!
You are too injured to fight recklessly!
You are too injured to fight recklessly!
You are too injured to fight recklessly!
You are too injured to fight recklessly!
You are too injured to fight recklessly!
You are too injured to fight recklessly!
You closely miss the orc wizard. The bat barely misses you.
The orc closely misses you. The orc barely misses you.
The giant cockroach waves its antennae.
The giant cockroach closely misses you.
The orc wizard points at you and mumbles some strange words.
The puff of flame misses you.
The puff of flame hits the orc.
The bat misses you. The orc closely misses you. The bat barely misses you.
You miss the bat. The bat barely misses you.
The orc wizard casts a spell at you. The magic dart hits you.
You die...

...###.....##.####.#
###.....##......#
#..........####.#
#.....[...†# ###
#..........# ####
#..........# #...
#..........# #.##
###b######## #.#
..#...@oB#### #.#
.....>ooo....# #.#
.........o....# #.#
..............# #.#
(...#......#### #.#
....#......# #.# ...
#......# #.#
#......# #.#
##..#### #.#


You could see an orc wizard, 4 orcs, a giant cockroach and a bat.

Vanquished Creatures
  A bullfrog (D:2)
  2 adders (D:2)
  2 worms (D:2)
  2 dart slugs (D:1)
  2 leopard geckos
  A giant cockroach (D:2)
  7 goblins
  7 hobgoblins
  5 bats
  5 frilled lizards
  4 kobolds
  A rat (D:1)
39 creatures vanquished.

Notes
Turn   | Place    | Note
-------+----------+-------------------------------------------
     0 | D:1      | Descartes the Felid Monk began the quest for the Orb.
     0 | D:1      | Reached XP level 1. HP: 10/10 MP: 2/2
   138 | D:1      | Reached skill level 3 in Stealth
   216 | D:1      | Reached XP level 2. HP: 14/14 MP: 3/3
   220 | D:1      | Reached skill level 4 in Stealth
   699 | D:1      | Reached skill level 5 in Stealth
  1080 | D:2      | Noticed a bullfrog
  1083 | D:2      | Killed a bullfrog
  1084 | D:2      | Reached skill level 6 in Stealth
  1084 | D:2      | Reached XP level 3. HP: 17/17 MP: 4/4
  1084 | D:2      | Reached XP level 4. HP: 21/21 MP: 5/5
  1271 | D:2      | Reached skill level 7 in Stealth
  1836 | D:2      | Killed from afar by an orc wizard
  1837 | D:2      | Reached XP level 3. HP: -6/17 MP: 4/4
  1889 | D:2      | Killed from afar by an orc wizard

Illustrated notes

Levels and vault maps discovered:
D:1:      sevenhm_arrival_forest_fort_small_6, layout_basic
D:2:      layout_basic

Skill      XL: |  1  2  3  4 |
---------------+-------------+-----
Stealth        | 3 6 7 |  7.2
Fighting       | |  3.0
Dodging        | |  4.0
Unarmed Combat | |  3.0

Action                   |  1- 3 |  4- 6 || total
-------------------------+-------+-------++-------
Melee: Unarmed           |    80 |    60 ||   140
       Bite              |     5 |     6 ||    11
  Use: Scroll            |       |     4 ||     4
 Stab: Sleeping          |     6 |     3 ||     9
Armor: Skin              |     5 |     1 ||     6
Dodge: Dodged            |    80 |    37 ||   117
